 Dungeon Crawl Stone Soup version 0.30-a0-578-gdee14c521f (webtiles) character file.

Game seed: 8577048676054084838

224 greenreed the Cudgeller (level 5, 0/47 HPs)
             Began as a Minotaur Fighter on Dec 31, 2022.
             Slain by an orc
             ... wielding a +0 dagger
              (1 damage)
             ... on level 3 of the Dungeon.
             The game lasted 00:02:56 (1969 turns).

greenreed the Cudgeller (Minotaur Fighter)          Turns: 1969, Time: 00:02:57

Health: 0/47       AC:  7    Str: 22    XL:     5   Next: 67%
Magic:  4/4        EV: 10    Int:  5    God:
Gold:   115        SH:  4    Dex: 10    Spells: 4/4 levels left

rFire   . . .      SeeInvis .    a - +0 flail
rCold   . . .      Faith    .    c - +0 buckler
rNeg    . . .      Spirit   .    b - +0 scale mail
rPois   .          Reflect  .    (helmet restricted)
rElec   .          Harm     .    (no cloak)
rCorr   .          Rampage  .    (no gloves)
Will    .....                    (no boots) Stlth
                                 (no amulet)
HPRegen 0.27/turn                (no ring)
MPRegen 0.09/turn                (no ring)

@: mighty
A: horns 2, retaliatory headbutt
a: no special abilities


You were on level 3 of the Dungeon.
You visited 1 branch of the dungeon, and saw 3 of its levels.

You collected 115 gold pieces.

Inventory:

Hand Weapons
 a - a +0 flail (weapon)
Armour
 b - a +0 scale mail (worn)
 c - a +0 buckler (worn)
Wands
 t - a wand of roots (4)
 x - a wand of polymorph (5)
Scrolls
 e - 5 scrolls of identify {unknown}
 g - a scroll of acquirement {unknown}
 h - a scroll of fog {unknown}
 i - 2 scrolls of enchant armour {unknown}
 j - a scroll of fear {unknown}
 k - a scroll of noise {unknown}
 l - a scroll of enchant weapon {unknown}
 q - a scroll of summoning {unknown}
 r - 2 scrolls of teleportation {unknown}
 v - a scroll of vulnerability {unknown}
Potions
 f - a potion of curing {unknown}
 m - a potion of magic {unknown}
 n - a potion of invisibility {unknown}
 o - a potion of lignification {unknown}
 p - 2 potions of cancellation {unknown}
 s - a potion of resistance {unknown}
 u - a potion of brilliance {unknown}
 w - a potion of haste {unknown}


   Skills:
 * Level 4.5 Fighting
 * Level 4.8 Maces & Flails
 + Level 4.6 Armour
 + Level 1.8 Dodging
 + Level 4.6 Shields


You had 4 spell levels left.
You didn't know any spells.
Your spell library was empty.

Dungeon Overview and Level Annotations

Branches:
Dungeon (3/15)

Altars:


Innate Abilities, Weirdness & Mutations

You have a pair of horns on your head.
You reflexively headbutt those who attack you in melee.


Message History

The orc moves out of view.
A bat comes into view.
The orc priest invokes the aid of Beogh against you.
Pain shoots through your body!
The orc priest hits you with a +0 dagger.
You sock the orc priest!
You headbutt the orc priest, but do no damage.
The orc priest is severely wounded.
The orc priest mumbles some strange prayers to Beogh against you.
Pain shoots through your body!
The orc priest invokes the aid of Beogh against you.
Beogh smites you!
You are too injured to fight recklessly!
You are too injured to fight recklessly!
You are too injured to fight recklessly!
You barely miss the orc priest. You headbutt the orc priest.
You kill the orc priest!
The orc priest calls down the wrath of Beogh upon you.
Pain shoots through your body!
* * * LOW HITPOINT WARNING * * *
You hit the orc priest but do no damage.
The orc hits you but does no damage. The orc priest closely misses you.
You feel very mighty all of a sudden. The orc completely misses you.
The orc priest misses you. You furiously retaliate!
You headbutt the orc priest!
The orc priest looks braver for a moment.
You hit the orc priest but do no damage.
You headbutt the orc priest, but do no damage.
The orc priest is almost dead.
The orc priest looks encouraged for a moment.
The orc hits you with a +0 dagger.
* * * LOW HITPOINT WARNING * * *
You hit the orc priest.
You kill the orc priest!
The bat barely misses you. The orc hits you but does no damage.
You completely miss the orc. The orc hits you but does no damage.
The orc hits you with a +0 dagger.
* * * LOW HITPOINT WARNING * * *
The orc hits you with a +0 dagger.
You die...

♣. ##P #. ♣♣♣..♣♣..♣♣##
♣...♣§♣....♣♣
♣.P.♣♣PP..P.. ###♣
♣..P...♣.♣♣♣.
#..♣♣♣..♣.♣....♣.♣
##.♣..P.♣.♣..P..P.
#......♣†.....♣♣.8
#@.♣...♣..♣..♣P...
#.ooo#.♣♣♣.)♣♣P.♣.♣..
......b##P.♣...♣.♣..P.♣♣
..##... ...♣...♣♣PP.†♣.P
#....P♣♣♣.P.♣♣♣♣.♣♣♣.
#....♣♣ ..♣.♣PP..♣P♣.
##.##♣....♣♣♣♣.P##..♣ #.
##♣..##♣♣♣♣####♣. #
..#.#.#.#.#.#.#.


You could see an orc priest, 2 orcs and a bat.

Vanquished Creatures
  2 orc priests (D:3)
  An orc wizard (D:3)
  Robin (D:2)
  4 adders (D:2)
  3 orcs (D:3)
  10 bats
  3 endoplasms
  5 giant cockroaches
  15 goblins
  6 hobgoblins
  4 jackals (D:1)
  4 kobolds
  11 quokkas
  5 ball pythons
  4 frilled lizards
  3 rats
81 creatures vanquished.

Vanquished Creatures (others)
  5 plants (D:3)
5 creatures vanquished.

Grand Total: 86 creatures vanquished

Notes
Turn   | Place    | Note
-------+----------+-------------------------------------------
     0 | D:1      | greenreed the Minotaur Fighter began the quest for the Orb.
     0 | D:1      | Reached XP level 1. HP: 19/19 MP: 0/0
   399 | D:1      | Reached XP level 2. HP: 24/27 MP: 1/1
   825 | D:2      | Reached XP level 3. HP: 30/33 MP: 2/2
   830 | D:2      | Reached skill level 1 in Dodging
  1162 | D:2      | Reached XP level 4. HP: 32/40 MP: 3/3
  1261 | D:2      | Noticed Robin
  1277 | D:2      | Killed Robin
  1499 | D:3      | Reached XP level 5. HP: 41/47 MP: 4/4
  1603 | D:3      | Found a faded altar of an unknown god.
  1969 | D:3      | HP: 1/47 [orc/+0 dagger (3)]
  1969 | D:3      | Slain by an orc

Illustrated notes

Levels and vault maps discovered:
D:1:      minmay_arrival_wavy_path, layout_basic
D:2:      layout_basic, dreamdust_princess_bridge, st_stairs_9,
          minmay_close_crescents, uniq_robin
D:3:      wad_woods_tower, layout_basic, basic_ecumenical_altar

Skill      XL: |  1  2  3  4 |
---------------+-------------+-----
Shields        | 4 |  4.6
Armour         | 4 |  4.6
Fighting       | 4 |  4.5
Dodging        | 1 |  1.8
Maces & Flails | 3 4 |  4.8

Action                   |  1- 3 |  4- 6 || total
-------------------------+-------+-------++-------
Melee: Flail             |    99 |    87 ||   186
       Headbutt          |     9 |    19 ||    28
  Use: Potion            |       |     1 ||     1
Armor: Scale mail        |    68 |    51 ||   119
Dodge: Dodged            |    58 |    36 ||    94
Block: Buckler           |    29 |    18 ||    47

Table legend: (Time is in decaauts)
 A = Elapsed time spent in this place.
 B = Non-inter-level travel time spent in this place.
 C = Inter-level travel time spent in this place.
 D = Time resting spent in this place.
 E = Time spent auto-exploring this place.
 F = Levels seen in this place.
 G = Mean time per level.
                   A        B        C        D        E       F      G
               +--------+--------+--------+--------+--------+-----+--------+
         Total |   2020 |   1972 |     48 |      0 |   1558 |   3 |  673.3 |
       Dungeon |   2020 |   1972 |     48 |      0 |   1558 |   3 |  673.3 |
               +--------+--------+--------+--------+--------+-----+--------+

Top non-repeatable levels by time:
     D:1: 831 daAuts
     D:2: 642 daAuts
     D:3: 546 daAuts
